Map: Lost and Found LE

Players

Nice - Winner!

  • Race: Protoss Protoss
  • Spawn Location: 1:00

Silky

  • Race: Zerg Zerg
  • Spawn Location: 7:00

Event: WCS Austin 2018

VOD

Have the link to the VOD?

Description

Time

  • Played on: June 1, 2018, 9:07 p.m.
  • Length: 22:19

All games in this series

Show
View Real Time Build Order
Export as new Build Order

Nice Protoss - Winner!

Build Orders: 1 Gate Expand, Oracle Opening, Phoenix Opening, Carriers 

Get SALT Encoding   

  12  0:00  Probe  
  13  0:12  Probe  
  14  0:19  Pylon  
  14  0:25  Probe  
  15  0:34  Probe  
  15  0:37  Gateway  
  15  0:42  Probe  
  16  0:47  Assimilator  
  17  0:51  Probe  
  18  1:03  Probe  
  19  1:15  Probe  
  20  1:24  Nexus  
  20  1:35  Cybernetics Core  
  20  1:36  Probe  
  21  1:44  Assimilator  
  21  1:48  Probe  
  21  1:51  Pylon  
  22  2:00  Probe  
  23  2:03  Adept  
  23  2:13  Probe  
  26  2:20  Stargate  
  26  2:25  Probe  
  26  2:29  Adept  
  27  2:34  Warp Gate  
  27  2:35  Probe  
  29  2:37  Probe  
  29  2:43  Probe  
  31  2:49  Probe  
  33  2:53  Probe  
  33  2:56  Adept, Phoenix  
  36  3:01  Probe  
  36  3:05  Probe  
  40  3:12  Pylon  
  40  3:13  Probe  
  40  3:16  Oracle  
  40  3:17  Probe  
  42  3:24  Gateway  
  42  3:25  Probe  
  46  3:30  Probe  
  47  3:37  Probe, Pylon  
  48  3:42  Probe, Assimilator  
  48  3:43  Oracle  
  48  3:45  Assimilator  
  49  3:49  Probe  
  49  3:54  Probe  
  54  4:01  Probe  
  54  4:02  Gateway  
  55  4:07  Pylon  
  55  4:08  Probe  
  56  4:14  Probe  
  57  4:19  Oracle  
  57  4:20  Probe, Stargate  
  58  4:26  Probe  
  62  4:32  Probe  
  62  4:36  Pylon  
  63  4:42  Nexus  
  63  4:45  Probe x2  
  65  4:48  Oracle  
  67  4:59  Probe x2  
  70  5:02  Pylon  
  70  5:03  Shield Battery  
  70  5:05  Oracle  
  70  5:11  Probe x2  
  72  5:23  Probe  
  72  5:24  Probe  
  72  5:25  Oracle  
  77  5:31  Assimilator  
  77  5:32  Oracle  
  77  5:36  Probe x2  
  77  5:37  Assimilator  
  82  5:48  Probe x2  
  84  5:57  Oracle  
  84  5:59  Probe  
  84  6:00  Probe x2  
  84  6:01  Oracle  
  90  6:05  Pylon  
  90  6:08  Stargate  
  93  6:11  Probe  
  93  6:12  Probe x2  
  93  6:16  Adept x2  
  100  6:20  Pylon  
  100  6:21  Pylon  
  100  6:22  Pylon  
  100  6:24  Probe x2  
  103  6:29  Oracle  
  103  6:30  Forge  
  103  6:31  Pylon  
  102  6:33  Twilight Council  
  102  6:36  Oracle  
  105  6:50  Protoss Ground Weapons Level 1  
  99  6:56  Oracle  
  99  7:02  Oracle  
  99  7:03  Adept x3  
  108  7:15  Charge, Photon Cannon  
  111  7:20  Gateway  
  108  7:23  Gateway  
  108  7:24  Gateway  
  108  7:25  Gateway  
  108  7:28  Gateway  
  108  7:32  Templar Archives  
  108  7:36  Pylon  
  98  7:37  Pylon  
  98  7:47  Oracle x2  
  102  7:53  Oracle  
  102  7:57  Zealot x3  
  109  7:59  Robotics Facility  
  109  8:06  Pylon  
  109  8:07  Pylon  
  109  8:08  Pylon  
  109  8:09  Pylon  
  109  8:11  Pylon  
  111  8:35  Zealot  
  111  8:36  Zealot x7  
  111  8:37  Phoenix  
  127  8:42  Nexus  
  127  8:44  Phoenix x2, Pylon  
  127  8:46  Pylon  
  127  8:47  Protoss Ground Weapons Level 2  
  124  8:50  Fleet Beacon  
  124  8:54  Photon Cannon x3  
  124  8:59  Phoenix  
  128  9:12  Stalker  
  128  9:16  Warp Prism, Protoss Air Weapons Level 1  
  138  9:39  High Templar x2  
  138  9:40  Carrier, Zealot x5  
  152  9:48  Archon  
  152  9:51  Assimilator  
  152  9:57  Assimilator  
  152  9:59  Photon Cannon  
  158  10:01  Photon Cannon  
  158  10:03  Carrier, Probe x2  
  160  10:09  Carrier  
  160  10:13  Photon Cannon  
  162  10:44  High Templar  
  162  10:45  High Templar  
  162  10:46  Zealot x6  
  178  10:51  Archon  
  178  10:54  Carrier  
  178  10:58  Shield Battery  
  168  11:12  Carrier  
  168  11:17  Protoss Air Weapons Level 2  
  160  11:23  Mothership  
  160  11:27  Zealot x4  
  160  11:28  Zealot x4  
  160  11:32  Carrier  
  188  11:46  Probe x2  
  198  12:02  Pylon  
  197  12:20  Nexus  
  197  12:21  Observer, Pylon  
  198  12:33  Zealot  
  191  12:49  Zealot  
  191  12:50  Zealot x6  
  191  12:51  Carrier  
  147  13:02  Carrier x2  
  165  13:16  Protoss Ground Weapons Level 3, High Templar x4  
  165  13:17  High Templar x3  
  165  13:18  High Templar  
  179  13:22  Archon  
  179  13:23  Archon x3  
  179  13:25  Observer  
  180  13:32  Probe x3, Photon Cannon  
  180  13:33  Probe x2, Photon Cannon  
  185  13:34  Photon Cannon  
  185  13:37  Photon Cannon  
  185  13:39  Shield Battery  
  185  13:42  Shield Battery  
  185  13:44  Assimilator  
  185  13:48  Assimilator  
  185  13:58  Zealot x4  
  185  13:59  Zealot  
  185  14:00  High Templar x2  
  185  14:02  Observer  
  200  14:03  Protoss Air Weapons Level 3  
  200  14:06  Archon  
  182  14:24  Gateway  
  182  14:25  Gateway, Void Ray x2  
  182  14:30  Gateway  
  190  14:32  Gateway  
  190  14:34  Gateway  
  182  14:38  Gateway  
  182  14:50  Void Ray  
  182  14:59  Psionic Storm  
  182  15:02  Carrier  
  174  15:11  High Templar x4  
  174  15:12  High Templar x2  
  174  15:13  Mothership  
  196  15:40  Zealot x2  
  199  15:45  Archon x3  
  199  15:46  Void Ray x2  
  199  15:47  Zealot x10  
  199  15:48  Zealot  
  148  16:05  Photon Cannon  
  148  16:06  Photon Cannon  
  148  16:07  Pylon  
  148  16:10  High Templar x4  
  156  16:14  Archon x2  
  156  16:16  Probe x3  
  156  16:17  Probe  
  160  16:27  Zealot x6  
  159  16:47  Carrier  
  139  16:49  Zealot x8  
  141  16:59  Protoss Air Armor Level 1  
  141  17:01  High Templar x5  
  141  17:05  Carrier  
  153  17:17  High Templar  
  153  17:21  Pylon  
  161  17:31  Carrier  
  161  17:33  Nexus  
  161  17:37  Pylon  
  161  17:40  Assimilator  
  167  17:56  Zealot x6  
  175  18:06  Carrier  
  175  18:08  Carrier  
  173  18:15  Zealot x2  
  179  18:49  Oracle  
  179  18:59  Assimilator  
  172  19:03  High Templar  
  172  19:04  High Templar  
  172  19:05  Zealot x8  
  192  19:10  Zealot x3  
  192  19:18  Void Ray  
  188  19:27  Shield Battery  
  188  19:28  Void Ray  
  188  19:29  Photon Cannon  
  188  19:30  Photon Cannon  
  182  19:34  Void Ray  
  182  19:35  Mothership  
  180  19:51  Zealot x5  
  180  19:52  Zealot  
  192  20:01  Oracle  
  193  20:14  Carrier x2  
  193  20:17  Pylon  
  193  20:37  Zealot x3  
  193  20:41  Nexus  
  199  20:45  Pylon  
  185  21:27  Zealot x3  
  153  21:49  Archon  
  151  21:54  Zealot x4  
  151  21:55  Zealot x10  
Show
View Real Time Build Order
Export as new Build Order

Silky Zerg 

Build Orders: Hatch First, Lurkers 

Get SALT Encoding   

  12  0:00  Drone  
  13  0:12  Overlord  
  13  0:17  Drone  
  14  0:31  Drone x2  
  16  0:47  Hatchery  
  15  0:50  Drone  
  15  0:54  Drone  
  17  0:58  Drone  
  18  1:07  Extractor  
  17  1:13  Spawning Pool  
  17  1:15  Drone  
  17  1:19  Drone  
  18  1:27  Drone  
  19  1:39  Drone  
  20  1:49  Overlord  
  20  2:00  Queen x2  
  20  2:01  Zergling x4  
  26  2:09  Metabolic Boost  
  26  2:11  Drone x2  
  28  2:21  Drone  
  28  2:22  Drone  
  30  2:35  Hatchery  
  30  2:36  Drone  
  30  2:43  Queen  
  32  2:47  Overlord  
  32  2:50  Drone  
  33  2:52  Drone  
  33  2:54  Drone  
  33  2:57  Drone  
  37  3:05  Drone x2  
  37  3:11  Drone  
  37  3:12  Drone x4  
  43  3:17  Overlord  
  43  3:25  Overlord  
  43  3:27  Zergling x2  
  43  3:31  Overlord  
  44  3:35  Queen  
  44  3:37  Drone  
  44  3:40  Drone  
  48  3:43  Drone  
  48  3:44  Spore Crawler  
  48  3:46  Drone  
  48  3:48  Drone x3  
  52  3:53  Zergling x2, Drone x2  
  52  3:55  Spore Crawler  
  54  3:57  Drone  
  54  3:58  Drone x2  
  57  4:05  Overlord x2  
  57  4:11  Queen  
  57  4:16  Roach Warren  
  56  4:24  Drone  
  56  4:25  Drone  
  56  4:26  Drone x2  
  56  4:27  Drone x4  
  56  4:30  Zergling x2  
  56  4:31  Zergling x6  
  68  4:35  Extractor  
  68  4:36  Extractor  
  66  4:41  Overlord  
  66  4:45  Drone x3  
  69  4:47  Drone x2  
  70  4:57  Overlord  
  70  5:02  Roach x5  
  70  5:03  Overlord x2  
  80  5:07  Overlord  
  80  5:09  Overlord  
  79  5:14  Lair  
  79  5:15  Overlord  
  79  5:17  Roach  
  79  5:19  Overlord x2  
  81  5:22  Drone  
  81  5:23  Drone x2  
  81  5:26  Drone  
  81  5:27  Extractor  
  84  5:34  Roach x2  
  88  5:35  Drone  
  88  5:36  Drone x2  
  88  5:38  Drone x2  
  93  5:44  Hatchery  
  93  5:47  Drone x3  
  93  5:48  Drone x2  
  97  5:50  Drone  
  97  5:51  Evolution Chamber  
  97  5:55  Overlord  
  97  5:56  Roach  
  97  5:57  Roach  
  101  6:00  Queen  
  103  6:04  Spore Crawler  
  103  6:05  Spore Crawler x2  
  103  6:09  Spore Crawler, Drone x3  
  102  6:14  Spore Crawler  
  102  6:17  Zerg Missile Weapons Level 1  
  102  6:18  Drone x3  
  103  6:20  Drone  
  103  6:23  Drone x3  
  108  6:26  Queen  
  110  6:35  Drone  
  110  6:36  Drone, Pneumatized Carapace  
  110  6:39  Spore Crawler  
  111  6:40  Extractor  
  111  6:41  Overlord  
  108  6:53  Overlord  
  104  6:55  Overlord  
  104  6:59  Drone  
  104  7:00  Drone x8  
  104  7:01  Drone  
  112  7:02  Queen  
  112  7:04  Spire, Extractor  
  112  7:14  Drone x2  
  112  7:15  Overlord  
  114  7:16  Hydralisk Den  
  114  7:20  Drone x4  
  114  7:21  Spore Crawler  
  116  7:25  Drone x3  
  119  7:36  Queen  
  111  7:41  Zergling x2  
  111  7:42  Zergling x8  
  105  7:51  Spore Crawler  
  103  8:01  Drone x2, Grooved Spines  
  103  8:02  Drone  
  106  8:11  Drone x2, Queen  
  106  8:12  Drone  
  111  8:16  Mutalisk x4  
  111  8:17  Mutalisk x3  
  120  8:28  Drone  
  120  8:31  Extractor  
  120  8:32  Extractor  
  120  8:33  Roach  
  120  8:34  Lurker Den, Roach x5  
  131  8:40  Hatchery, Roach x5  
  139  8:41  Zerg Missile Weapons Level 2  
  139  8:45  Overlord  
  139  8:46  Hydralisk  
  141  8:50  Queen  
  141  8:51  Drone  
  141  8:52  Overseer  
  141  8:54  Overlord, Drone  
  141  8:55  Drone  
  146  8:59  Spore Crawler  
  146  9:01  Queen  
  147  9:03  Overlord, Hydralisk  
  147  9:04  Hydralisk x2  
  147  9:07  Hydralisk x2  
  147  9:08  Hydralisk  
  159  9:11  Overlord  
  159  9:14  Hydralisk  
  161  9:18  Overlord  
  161  9:22  Hydralisk x3  
  161  9:23  Hydralisk x3  
  167  9:28  Drone  
  167  9:30  Drone  
  161  9:32  Corruptor x2  
  161  9:33  Spore Crawler x2  
  161  9:35  Corruptor x2  
  161  9:36  Spore Crawler, Drone  
  167  9:41  Spore Crawler, Drone x2  
  168  9:45  Drone  
  168  9:49  Spore Crawler  
  168  9:50  Spore Crawler  
  167  10:00  Lurker x5  
  167  10:02  Roach x8  
  167  10:03  Infestation Pit, Roach  
  189  10:09  Overlord  
  189  10:14  Overlord  
  189  10:23  Evolution Chamber  
  189  10:24  Drone x2  
  189  10:25  Hydralisk x3  
  189  10:26  Hydralisk x2  
  189  10:28  Evolution Chamber  
  199  10:31  Overlord x2  
  199  10:33  Spore Crawler x2  
  197  10:35  Spore Crawler  
  197  10:36  Spore Crawler, Drone  
  197  10:37  Drone x4  
  197  10:42  Hive  
  200  10:48  Overlord  
  200  10:59  Overlord, Hydralisk  
  179  11:13  Hydralisk x12  
  177  11:23  Hydralisk  
  177  11:24  Hydralisk x5  
  176  11:27  Glial Reconstitution  
  176  11:31  Roach x3  
  178  11:38  Lurker  
  175  11:40  Lurker x2  
  175  11:41  Lurker x4  
  175  11:44  Drone x6  
  184  11:48  Zergling x2  
  184  11:49  Zergling x8  
  184  11:53  Lurker x4  
  193  12:04  Corruptor x3  
  193  12:07  Overlord  
  199  12:09  Drone  
  199  12:16  Overlord, Extractor x2  
  197  12:23  Zerg Missile Weapons Level 3  
  197  12:27  Drone x3, Evolution Chamber  
  197  12:28  Spine Crawler  
  198  12:30  Spine Crawler  
  198  12:33  Adaptive Talons  
  183  12:47  Hydralisk  
  154  12:56  Corruptor  
  154  12:57  Corruptor x6  
  156  13:02  Corruptor  
  147  13:26  Corruptor x6  
  151  13:31  Hatchery  
  156  13:34  Hatchery  
  156  13:35  Corruptor x2  
  159  13:49  Corruptor x2, Zerg Flyer Armor Level 1  
  159  13:52  Zergling x26  
  159  13:53  Zergling x2  
  177  13:59  Roach x3  
  177  14:00  Roach x3  
  182  14:08  Spire, Roach x2  
  185  14:16  Corruptor x2  
  177  14:36  Corruptor  
  173  14:38  Roach  
  173  14:39  Roach x9  
  193  14:51  Corruptor x3  
  199  14:55  Overseer x2  
  197  15:08  Corruptor  
  197  15:11  Zerg Ground Armor Level 1  
  199  15:19  Zergling x2  
  200  15:22  Zerg Flyer Weapons Level 1  
  192  15:36  Corruptor  
  192  15:37  Corruptor x4  
  195  15:48  Corruptor x2  
  195  15:49  Corruptor x3  
  177  15:54  Hydralisk x6  
  177  15:55  Hydralisk x2  
  150  16:02  Corruptor x2  
  138  16:06  Roach x4  
  146  16:14  Roach x6  
  155  16:28  Roach  
  155  16:29  Roach x7  
  140  16:41  Roach  
  140  16:42  Roach x6  
  140  16:46  Roach  
  123  16:52  Roach  
  123  16:53  Roach x2  
  119  16:56  Hydralisk  
  121  17:12  Viper  
  121  17:13  Viper  
  121  17:14  Hatchery  
  126  17:16  Drone  
  126  17:17  Drone  
  126  17:19  Drone  
  126  17:22  Drone  
  130  17:28  Drone x4  
  134  17:32  Drone x2  
  134  17:35  Lurker  
  134  17:36  Lurker  
  138  17:38  Lurker  
  139  17:46  Viper x2  
  139  17:51  Drone x2  
  147  17:52  Drone  
  146  17:58  Hydralisk  
  148  18:23  Hydralisk x3  
  148  18:24  Hydralisk x2  
  148  18:25  Drone x5  
  161  18:36  Extractor  
  161  18:37  Drone x6  
  166  18:43  Lurker x3  
  169  18:55  Hydralisk x4  
  177  19:03  Hydralisk x3  
  183  19:16  Hydralisk x2  
  183  19:17  Hydralisk x3  
  175  19:45  Hatchery, Hydralisk x7  
  188  19:56  Evolution Chamber  
  188  19:58  Lurker x4  
  188  19:59  Lurker x2  
  191  20:09  Spore Crawler x2  
  191  20:10  Spore Crawler  
  183  20:33  Corruptor  
  183  20:34  Corruptor x7  
  199  20:40  Spore Crawler x2  
  197  20:55  Spore Crawler  
  196  20:58  Spore Crawler  
  176  21:14  Corruptor x7  
  186  21:31  Hatchery  
  173  21:40  Unknown  
  173  21:43  Unknown  
  173  21:44  Hydralisk x3  
  173  21:45  Hydralisk x4  
Tags
 
Add a new tag
Caveats
  • Supply blocks, unpowered buildings, or Contaminate may cause inaccurate times.
  • Supply counts are checked every 10 seconds.